 Dungeon Crawl Stone Soup version 0.18.1-50-g88ac8fd (webtiles) character file.

73 Drunkenshrew the Charmwright (level 4, -5/36 HPs)
             Began as a Draconian Skald on Sept 30, 2016.
             Slain by Crazy Yiuf
             ... wielding a +4 quarterstaff of chaos
              (6 damage)
             ... on level 2 of the Dungeon.
             The game lasted 00:05:56 (1699 turns).

Drunkenshrew the Charmwright (Draconian Skald)      Turns: 1699, Time: 00:05:56

Health: -5/36      AC:  6    Str: 15    XL:     4   Next: 8%
Magic:  7/7        EV: 11    Int: 13    God:
Gold:   136        SH:  0    Dex: 10    Spells: 1 memorised, 6 levels left

rFire  . . .     SeeInvis .     k - +0 mace (curse)
rCold  . . .     Gourm    .     (armour unavailable)
rNeg   . . .     Faith    .     (no shield)
rPois  .         Spirit   .     (helmet restricted)
rElec  .         Dismiss  .     i - +0 cloak
rCorr  .         Reflect  .     (no gloves)
SustAt .         Harm     .     (no boots)
MR     .....                    (no amulet)
Stlth  +.........               (no ring)
                                (no ring)

@: lethally poisoned (-5 -> -23), very slightly contaminated, not resistant to
hostile enchantments, very unstealthy
A: unfitting armour, cold-blooded, AC +5
a: no special abilities


You were on level 2 of the Dungeon.
You were not hungry.

You visited 1 branch of the dungeon, and saw 2 of its levels.

You collected 136 gold pieces.

Inventory:

Hand Weapons
 k - a cursed +0 mace (weapon)
Armour
 i - a +0 cloak (worn)
Scrolls
 f - 2 scrolls of recharging {unknown}
 g - a scroll of enchant armour {unknown}
Potions
 c - a potion of curing
 d - 2 potions of flight {unknown}
 e - a potion of might {unknown}
 h - a potion of degeneration {unknown}
 j - a potion of heal wounds {unknown}
Books
 a - a book of Battle

   Spells                             Type                      Level
   a - Infusion                       Charms                       1
   b - Shroud of Golubria             Charms/Translocation         2
   c - Song of Slaying                Charms                       2
   d - Spectral Weapon                Hexes/Charms                 3
   e - Regeneration                   Charms/Necromancy            3
Comestibles
 b - 2 bread rations


   Skills:
 - Level 2.1 Fighting
 - Level 1.3 Dodging
 - Level 2.0 Unarmed Combat
 - Level 2.0 Spellcasting
 + Level 4.5 Charms


You had 6 spell levels left.
You knew the following spells:

 Your Spells              Type           Power        Failure   Level  Hunger
a - Infusion              Chrm           ##..         4%          1    ##.....


Dungeon Overview and Level Annotations

Branches:
Dungeon (2/15)

Altars:
Ashenzari
Cheibriados
Makhleb
Nemelex Xobeh
Okawaru
Qazlal
Ru

Annotations:
D:2 Crazy Yiuf


Innate Abilities, Weirdness & Mutations

Your plain brown scales are hard (AC +5).
Your body does not fit into most forms of armour.
You are cold-blooded and may be slowed by cold attacks.


Message History

Crazy Yiuf hits you with a quarterstaff of chaos.
Space warps horribly around you!
You hit Crazy Yiuf but do no damage. Crazy Yiuf closely misses you.
You barely miss Crazy Yiuf.
Crazy Yiuf hits you with a quarterstaff of chaos. x2
You hit Crazy Yiuf.
Crazy Yiuf is moderately wounded.
Crazy Yiuf hits you but does no damage.
You closely miss Crazy Yiuf.
Crazy Yiuf is moderately wounded.
Crazy Yiuf barely misses you.
You hit Crazy Yiuf.
Crazy Yiuf is moderately wounded.
Crazy Yiuf laughs, "Rot agre dark!"
Crazy Yiuf hits you with a quarterstaff of chaos!
* * * LOW HITPOINT WARNING * * *
You are lethally poisoned!
Crazy Yiuf yells, "Scoff Xom toodlewoodle!"
Crazy Yiuf hits you with a quarterstaff of chaos.
You die...

....##........##
######.........##
#..........#
#..........#
#(†.######## #...#
#...##♣♣♣♣♣ #
##...#..♣.♣♣♣
######.......)♣.@♣
.............♣♣♣♣g....#
..........#.♣♣ ♣#..)#
.........##♣♣ ###
#(.......# #........#
#........# #........#
##########


You could see Crazy Yiuf.

Vanquished Creatures
  2 adders (D:2)
  2 oozes (D:1)
  3 giant geckos
  5 giant cockroaches
  5 goblins
  4 hobgoblins
  2 jackals (D:2)
  6 bats
  4 giant newts
  6 kobolds
  5 rats
44 creatures vanquished.

Notes
Turn   | Place    | Note
--------------------------------------------------------------
     0 | D:1      | Drunkenshrew the Draconian Skald began the quest for the Orb.
     0 | D:1      | Reached XP level 1. HP: 17/17 MP: 3/3
    72 | D:1      | Reached skill level 3 in Charms
   123 | D:1      | Reached XP level 2. HP: 21/24 MP: 0/5
   435 | D:1      | Reached XP level 3. HP: 29/29 MP: 3/6
   627 | D:2      | Found a stormy altar of Qazlal.
   644 | D:2      | Reached skill level 4 in Charms
   682 | D:2      | Found a sparkling altar of Nemelex Xobeh.
   683 | D:2      | Found a sacrificial altar of Ru.
   683 | D:2      | Found an iron altar of Okawaru.
   685 | D:2      | Found a burning altar of Makhleb.
   685 | D:2      | Found a shattered altar of Ashenzari.
   719 | D:2      | Found a snail-covered altar of Cheibriados.
  1407 | D:2      | Reached XP level 4. HP: 36/36 MP: 4/7
  1689 | D:2      | Noticed Crazy Yiuf
  1699 | D:2      | HP: 1/36 [Crazy Yiuf/quarterstaff of chaos (14)]
  1699 | D:2      | Slain by Crazy Yiuf

Skill      XL: |  1  2  3 |
---------------+----------+-----
Charms         | 3 4 |  4.5
Fighting       | |  2.1
Dodging        | |  1.3
Unarmed Combat | |  2.0
Spellcasting   | |  2.0

Action                   |  1- 3 |  4- 6 || total
-------------------------+-------+-------++-------
Melee: Unarmed           |   172 |    14 ||   186
       Tailslap          |    13 |       ||    13
       Mace              |       |     6 ||     6
 Cast: Infusion          |    14 |     1 ||    15
  Use: Potion            |     1 |       ||     1
 Stab: Sleeping          |     1 |       ||     1
  Eat: Chunk             |     1 |     2 ||     3
Armor: Skin              |    79 |     6 ||    85
Dodge: Dodged            |   130 |     8 ||   138
